 Dungeon Crawl Stone Soup version 0.17-a0-1718-g72dbe4d (webtiles) character file.

198 Yloidan the Ruffian (level 5, 0/53 HPs)
             Began as a Troll Berserker on Aug 26, 2015.
             Was a Priest of Trog.
             Killed from afar by an orc wizard (4 damage)
             ... with a puff of flame
             ... on level 4 of the Dungeon.
             The game lasted 00:31:03 (2553 turns).

Yloidan the Ruffian (Troll Berserker)               Turns: 2553, Time: 00:31:03

Health: 0/53       AC:  6    Str: 26    XL:     5   Next: 47%
Magic:  4/4        EV: 10    Int:  3    God:    Trog [***...]
Gold:   173        SH:  0    Dex:  9    Spells: 0 memorised, 4 levels left

rFire  . . .     SeeInvis .       - Unarmed
rCold  + . .     Clarity  .     a - +0 animal skin
rNeg   . . .     SustAt   .     (no shield)
rPois  .         Gourm    +     (helmet restricted)
rElec  .         Spirit   .     O - +0 cloak
rCorr  .         Warding  .     (gloves unavailable)
rMut   +         Stasis   .     (boots unavailable)
MR     .....                    J - amulet of resist mutation
Stlth  +.........               (no ring)
                                G - ring of protection from cold

@: exhausted, slowed, very slow, not resistant to hostile enchantments, very
unstealthy
A: unfitting armour, claws 3, fast metabolism 3, gourmand, regeneration 2,
shaggy fur 1, tough skin 2
a: Burn Spellbooks, Berserk, Trog's Hand, Renounce Religion


You were on level 4 of the Dungeon.
You worshipped Trog.
Trog was most pleased with you.
You were not hungry.

You visited 1 branch of the dungeon, and saw 4 of its levels.

You collected 173 gold pieces.

Inventory:

Hand weapons
 h - a +0 whip
 k - a +0 whip
 q - a +0 trident
 s - a +4 dagger
 w - a +0 dagger
 A - a +0 club
 B - a +0 falchion
 C - a +0 short sword
 D - a +0 hunting sling
 E - a +0 spear
 F - a +0 club
 I - a +0 club
 Q - a +0 long sword
 T - a +0 mace
 U - a +0 spear
 V - a +0 whip
 W - a +0 hunting sling
 Y - a +0 club
Missiles
 g - 8 needles of confusion
 u - 127 stones (quivered)
 y - 19 sling bullets
 M - 44 arrows
 P - 15 bolts
Armour
 a - a +0 animal skin (worn)
 i - a +0 robe
 t - a +0 naga barding
 O - a +0 cloak (worn)
 S - a +0 ring mail
Jewellery
 G - a ring of protection from cold (left claw)
 J - an amulet of resist mutation (around neck)
Scrolls
 d - a scroll of magic mapping {unknown}
 f - 2 scrolls of noise {unknown}
 j - 3 scrolls of identify {unknown}
 o - a scroll of immolation {unknown}
 p - a scroll of random uselessness {unknown}
 r - 3 scrolls of blinking {unknown}
 H - a scroll of recharging {unknown}
 K - 3 scrolls of remove curse {unknown}
 L - 2 scrolls of fear {unknown}
 Z - a scroll of amnesia {unknown}
Potions
 c - a potion of heal wounds {unknown}
 e - a potion of curing {unknown}
 n - 2 potions of brilliance {unknown}
 x - a potion of magic
Comestibles
 b - 2 bread rations
 l - a slice of pizza
 m - 4 chunks of flesh
 N - a meat ration


   Skills:
 + Level 3.1 Fighting
 + Level 3.8 Dodging
 + Level 0.5 Stealth
 + Level 4.2 Unarmed Combat


You had 4 spell levels left.
You didn't know any spells.

Dungeon Overview and Level Annotations

Branches:
Dungeon (4/15)
 Temple: D:4-7

Altars:
Trog


Innate Abilities, Weirdness & Mutations

You are too large for most types of armour.
You have claws for hands.
Your metabolism is lightning-fast.
You like to eat raw meat.
You heal very quickly.
You are covered in fur (AC +1).
You have very tough skin (AC +2).


Message History

The magic dart hits you!
* * * LOW HITPOINT WARNING * * *
It was a potion of berserk rage.
You're too exhausted to go berserk.
The orc priest closely misses you.
The orc wizard mumbles some strange words.
The orc wizard flickers and vanishes!
Deactivating autopickup; reactivate with Ctrl-A.
It was a potion of magic.
Magic courses through your body.
You feel less confused.
The orc priest invokes the aid of Beogh against you.
Something smites you!
* * * LOW HITPOINT WARNING * * *
Something hits you.
* * * LOW HITPOINT WARNING * * *
The orc priest barely misses you. Something hits you but does no damage.
You completely miss something. The orc priest misses you.
You hear some strange, mumbled words.
A puff of flame appears from out of thin air!
The puff of flame hits you!
You die...

..........#
..........+
<.........#
........<.#
..../.....##+#####
........?.........
..........).......
.......{o.).......
.......@..........
....##+###........
.... #........ ...
+........
#........
#........
#........
+........


You could see an orc priest.

Vanquished Creatures
  An orc wizard (D:4)
  A centaur skeleton (D:4)
  6 adders
  An ooze (D:1)
  4 worms
  2 giant geckos
  2 orcs
  4 bats
  3 giant cockroaches
  10 goblins
  9 hobgoblins
  9 jackals
  4 giant newts
  8 kobolds
  8 rats
72 creatures vanquished.

Notes
Turn   | Place    | Note
--------------------------------------------------------------
     0 | D:1      | Yloidan the Troll Berserker began the quest for the Orb.
     0 | D:1      | Reached XP level 1. HP: 22/22 MP: 0/0
   235 | D:1      | Reached XP level 2. HP: 29/29 MP: 1/1
   498 | D:1      | Acquired Trog's second power
   638 | D:2      | Reached XP level 3. HP: 36/36 MP: 2/2
   745 | D:2      | Noticed a moth of wrath
   748 | D:2      | Found a bloodstained altar of Trog.
   986 | D:2      | Reached XP level 4. HP: 44/44 MP: 3/3
  1208 | D:2      | You fall through a shaft!
  2354 | D:3      | Reached XP level 5. HP: 53/53 MP: 4/4
  2402 | D:3      | Reached skill level 4 in Unarmed Combat
  2553 | D:4      | Killed from afar by an orc wizard

Vault maps used:
D:1:      dpeg_arrival_radiant, fountainhead
D:2:      tgw_trog, first_bread
D:4:      corexii_shack_village, uniq_duvessa

Action                   |  1- 3 |  4- 6 || total
-------------------------+-------+-------++-------
Melee: Unarmed           |    84 |    79 ||   163
       Dagger            |     6 |       ||     6
Invok: Berserk           |     4 |     3 ||     7
  Use: Potion            |       |     2 ||     2
  Eat: Chunk             |     9 |    15 ||    24
       Bread ration      |       |     1 ||     1
